 Dungeon Crawl Stone Soup version 0.31-a0-175-g9f7f995f2b (webtiles) character file.

Game seed: 7016341787849006293

19562 LobsterGuardian the Nimble (level 12, -3/56 HPs)
             Began as a Felid Summoner on June 7, 2023.
             Was an Elder of Nemelex Xobeh.
             Slain by a cane toad (16 damage)
             ... on level 2 of the Lair of Beasts on June 18, 2023.
             The game lasted 01:45:06 (19614 turns).

LobsterGuardian the Nimble (Felid Summoner)        Turns: 19614, Time: 01:45:08

Health: -3/56      AC: 17    Str:  4    XL:     12   Next: 37%
Magic:  2/23       EV: 29    Int: 29    God:    Nemelex Xobeh [****..]
Gold:   1115       SH:  0    Dex: 23    Spells: 2/25 levels left
                                        Lives:  0   Deaths: 2

rFire   x x          x
                       - Unarmed
rCold   x x .        (shield unavailable)
rNeg    . . .        (body armour unavailable)
rPois   +            (helmet unavailable)
rElec   .            (cloak unavailable)
rCorr   .            (gloves unavailable)
SInv    +            (boots unavailable)
Will    ++...        E - amulet of Elemental Vulnerability {rPois rF-- rC-- AC+8}
Stlth   +++++        d - ring of Ganidghutt {*Slow rC- AC+4 Int+4 Dex+4}
HPRegen 0.29/turn    t - +6 ring of intelligence
MPRegen 0.18/turn

%: slow self (1%)
@: quick
A: very small, claws 1, fangs 3, see invisible, speed 1, shaggy fur 3, stealthy
paws, no weapons or thrown items, no armour, multi-lived, iridescent scales 1,
strong-willed 1, heat vulnerability 1
a: Renounce Religion, Draw Escape, Draw Destruction, Draw Summoning, Triple
Draw, Deal Four


You were on level 2 of the Lair of Beasts.
You worshipped Nemelex Xobeh.
Nemelex Xobeh was greatly pleased with you.
You visited 3 branches of the dungeon, and saw 16 of its levels.
You also visited: Bailey.

You collected 1115 gold pieces.

Inventory:

Jewellery
 a - a ring of willpower
 d - the ring of Ganidghutt (left paw) {*Slow rC- AC+4 Int+4 Dex+4}
   (You found it on level 4 of the Dungeon)

   [ring of protection]

   AC:        It affects your AC (+4).
   Int:       It affects your intelligence (+4).
   Dex:       It affects your dexterity (+4).
   rC:        It makes you vulnerable to cold.
   *Slow:     It may slow you when you take damage.
 p - a +6 ring of dexterity
 t - a +6 ring of intelligence (right paw)
 u - an amulet of reflection
 D - a +6 ring of strength
 E - the amulet of Elemental Vulnerability (around neck) {rPois rF-- rC-- AC+8}
   (You found it on level 1 of the Lair of Beasts)

   [amulet of nothing]

   AC:        It affects your AC (+8).
   rF:        It makes you very vulnerable to fire.
   rC:        It makes you very vulnerable to cold.
   rPois:     It protects you from poison.
 F - a +6 ring of strength
Wands
 l - a wand of iceblast (11)
 v - a wand of polymorph (15)
 A - a wand of digging (6)
 H - a wand of flame (9)
Scrolls
 f - a scroll of silence {unknown}
 i - a scroll of fog
 j - 9 scrolls of enchant weapon
 k - 4 scrolls of immolation
 m - 4 scrolls of amnesia
 n - a scroll of torment
 w - 4 scrolls of teleportation
 x - 2 scrolls of poison {unknown}
 y - a scroll of summoning
 C - 3 scrolls of identify
Potions
 b - a potion of curing
 c - 2 potions of attraction
 e - 4 potions of enlightenment
 g - 4 potions of lignification
 h - 4 potions of might
 o - 8 potions of haste
 q - 2 potions of berserk rage
 r - 2 potions of invisibility
 s - a potion of brilliance
 z - 2 potions of cancellation
 B - 2 potions of mutation
 G - a potion of heal wounds


   Skills:
 + Level 8.6 Fighting
 + Level 12.3 Dodging
 + Level 8.8 Stealth
 + Level 11.5 Unarmed Combat
 * Level 7.1 Spellcasting
 - Level 5.0 Conjurations
 + Level 10.4 Summonings
 - Level 5.0 Translocations
 - Level 5.0 Fire Magic
 * Level 1.2 Invocations


You had 2 spell levels left.
You knew the following spells:

 Your Spells              Type           Power      Damage    Failure   Level
a - Summon Small Mammal   Summ           100%       N/A       1%          1
b - Call Imp              Summ           100%       N/A       1%          2
c - Call Canine Familiar  Summ           63%        N/A       1%          3
d - Summon Guardian Gole  Hex/Summ       40%        N/A       1%          3
e - Summon Lightning Spi  Summ/Air       40%        N/A       6%          4
f - Teleport Other        Tloc           39%        N/A       1%          3
g - Sticky Flame          Conj/Fire      39%        2d6       6%          4
h - Gell's Gravitas       Tloc           39%        N/A       1%          3

Your spell library contained the following spells:

 Spells                   Type           Power      Damage    Failure   Level
 Lesser Beckoning         Tloc           78%        N/A       1%          2
 Static Discharge         Conj/Air       48%        2-4/arc   2%          2
 Freeze                   Ice            40%        1d6       4%          1
 Sandblast                Erth           20%        2d7       4%          1
 Cigotuvi's Dreadful Rot  Necr/Pois/Air  20%        N/A       8%          2
 Ensorcelled Hibernation  Hex/Ice        20%        N/A       8%          2
 Passwall                 Tmut/Erth      8%         N/A       8%          2
 Volatile Blastmotes      Fire/Tloc      78%        2d16      1%          3
 Dazzling Flash           Conj/Hex       48%        N/A       5%          3
 Hailstorm                Conj/Ice       24%        3d7       5%          3
 Stone Arrow              Conj/Erth      48%        3d10      5%          3
 Iskenderun's Mystic Bla  Conj/Tloc      39%        2d9       6%          4
 Manifold Assault         Tloc           39%        N/A       6%          4
 Ignite Poison            Fire/Tmut/Pois 19%        N/A       8%          3
 Frozen Ramparts          Ice            20%        1d4       16%         3
 Swiftness                Air            10%        N/A       16%         3
 Airstrike                Air            5%         2d(1-17)  45%         4
 Ice Form                 Ice/Tmut       10%        N/A       45%         4
 Freezing Cloud           Conj/Ice/Air   9%         6-21      56%         5
 Dispersal                Tloc           19%        N/A       69%         6
 Starburst                Conj/Fire      19%        6d7       69%         6
 Simulacrum               Ice/Necr       5%         N/A       100%        6
 Ozocubu's Refrigeration  Ice            5%         4d8       100%        7
 Disjunction              Tloc           19%        N/A       100%        8
 Ignition                 Fire           19%        3d7       100%        8
 Polar Vortex             Ice            5%         N/A       100%        9


Dungeon Overview and Level Annotations

Branches:
Dungeon (13/15)            Temple (1/1) D:7            Lair (2/5) D:11
    Orc (0/2) D:12         Bailey (visited)
  Swamp: Lair:2-3    Shoals: Lair:2-3     Snake: Lair:2-3    Spider: Lair:2-3
 Vaults: D:13-14

Altars:
Ashenzari
Cheibriados
Dithmenos
Elyvilon
Fedhas
Gozag
Hepliaklqana
Kikubaaqudgha
Makhleb
Nemelex Xobeh
Okawaru
Qazlal
Ru
Sif Muna
Trog
Uskayaw
Vehumet
Wu Jian
Xom
Yredelemnul
Zin
The Shining One

Shops:
D:6 :   D:7 *

Annotations:
D:3 Terence
D:13 exclusion: obsidian statue


Innate Abilities, Weirdness & Mutations

You have sharp claws.
You have razor-sharp teeth.
You have supernaturally acute eyesight. (SInv)
You cover ground quickly. (Speed+)
Your thick and shaggy fur keeps you warm. (AC +3, rC+)
Your paws help you pounce on unaware monsters.
You are incapable of wielding weapons or throwing items.
You cannot wear armour.
You gain extra lives every three experience levels.
You are partially covered in iridescent scales. (AC +2)
You are strong-willed. (Will+)
You are vulnerable to heat. (rF-)


Message History

Aiming: Teleport Other (safe; 1% risk of failure)
Press: ? - help, Shift-Dir - straight line, f/p - skyshark
Aim: a skyshark (heavily wounded, berserk, covered in liquid flames, ally target, chance to affect: 58%)
The skyshark resists with significant effort.
The skyshark burns!
The skyshark bites you. The skyshark completely misses you.
The skyshark barely misses you. The skyshark bites you.
The skyshark tail-slaps you but does no damage.
The skyshark tail-slaps you!
* * * LOW HITPOINT WARNING * * *
Your guardian golem overheats!
Unknown command.
Casting: Teleport Other (safe; 1% risk of failure)
Confirm with . or Enter, or press ? or * to list all spells.
Aiming: Teleport Other (safe; 1% risk of failure)
Press: ? - help, Shift-Dir - straight line, f/p - skyshark
Aim: a skyshark (severely wounded, berserk, covered in liquid flames, chance to affect: 58%)
The skyshark looks slightly unstable.
The skyshark burns!
The skyshark bites you but does no damage.
The skyshark misses you. The skyshark completely misses you.
The skyshark burns!
The skyshark stops burning.
The skyshark misses you. The skyshark barely misses you.
The skyshark completely misses you.
Unknown command.
Unknown command.
The skyshark disappears!
Unknown command.
Casting: Teleport Other (safe; 1% risk of failure)
Confirm with . or Enter, or press ? or * to list all spells.
Aiming: Gell's Gravitas (safe; 1% risk of failure)
Press: ? - help, Dir - move target Gravity reorients around empty space.
The cane toad collides with the cane toad!
The cane toad is lightly wounded. x2
Your guardian golem collides with the cane toad!
The cane toad is moderately wounded.
Flame seeps out of your guardian golem.
Your guardian golem is heavily damaged.
Your guardian golem disappears in a puff of smoke!
The cane toad stings you!
You die...
Your body glows slightly and disappears.

#......~P♣~#
###..#♣♣♣~## .#.
##..♣ ## .. #...####
.. #.. ####...# ...#
#.## #..## .... #..#
####..##
?...###..####.P....#
#.#...#...$○.F§F@.##
#.#.......###P.##...#
##.....P...##### #..#
#....P...### #..#
.#.......P# #..#
#.....#.## .P#
.......#.# P#
##....##.. #
##..#...##


You could see 2 cane toads.

Vanquished Creatures
  A boulder beetle (D:12)
  2 two-headed ogres
  A centaur warrior (D:13)
  Lodul (D:12)
  An ugly thing (D:9)
  A black mamba (Lair:1)
  4 cane toads
  A gargoyle (D:13)
  2 kobold demonologists (D:13)
  A komodo dragon (Lair:1)
  A polar bear (Lair:1)
  2 trolls
  2 blink frogs (Lair:1)
  A slime creature (D:13)
  A wyvern (Lair:1)
  6 yaks
  A basilisk (Lair:1)
  4 water moccasins
  Duvessa (D:5)
  2 orc warriors (D:12)
  2 centaurs (D:12)
  A lemure (D:8)
  A phantom (D:6)
  7 bullfrogs
  3 kobold brigands
  A scorpion (D:5)
  A wight (D:7)
  2 killer bees (D:11)
  An electric eel (D:10)
  A vampire bat (D:5)
  A hound (D:6)
  A jelly (D:5)
  2 orc priests
  An iguana (D:5)
  Natasha (D:2)
  7 orc wizards
  2 gnolls (D:11)
  3 adders
  A shadow imp (D:7)
  An ufetubus (D:4)
  2 dart slugs
  19 orcs
  3 bat skeletons (D:5)
  3 bat zombies (D:5)
  5 endoplasms (D:1)
  4 giant cockroaches
  7 goblins
  2 hobgoblins (D:1)
  2 jackals (D:5)
  12 kobolds
  2 quokkas
  5 ball pythons
  4 bats
  3 frilled lizards (D:2)
  3 rats
  A fire vortex (D:12)
153 creatures vanquished.

Vanquished Creatures (collateral kills)
  A vault guard (D:13)
  A two-headed ogre (D:9)
  A boulder beetle (D:13)
  A centaur warrior (D:13)
  Amaemon (D:9)
  An orc knight (Bailey)
  An orc sorcerer (D:13)
  A cyclops (D:11)
  A manticore (D:12)
  A black mamba (Lair:1)
  An orange demon (D:9)
  2 kobold demonologists
  Psyche (D:8)
  4 trolls
  Prince Ribbit (D:8)
  11 yaks
  A fire elemental (D:12)
  A steam dragon (D:10)
  2 vampire mosquitoes (D:12)
  2 water moccasins
  7 orc warriors
  A sky beast (D:8)
  4 centaurs
  5 ogres (D:12)
  A lemure (D:8)
  2 phantoms
  5 kobold brigands
  4 bullfrogs
  A gnoll sergeant (D:11)
  A scorpion (D:4)
  11 wights
  4 killer bees
  2 vampire bats (D:5)
  An electric eel (D:10)
  2 hounds (D:6)
  7 orc priests
  Crazy Yiuf (D:7)
  A gnoll bouda (D:8)
  Jessica (D:2)
  Natasha (twice) (D:2)
  An iguana (D:5)
  5 orc wizards
  7 gnolls
  3 adders
  A shadow imp (D:13)
  A white imp (D:5)
  An ufetubus (D:6)
  2 worms
  2 dart slugs
  53 orcs
  4 endoplasms
  2 giant cockroaches (D:2)
  4 hobgoblins
  3 jackals (D:3)
  4 quokkas
  2 ball pythons
  A bat (D:10)
  3 frilled lizards
  11 kobolds
  4 rats
213 creatures vanquished.

Vanquished Creatures (others)
  Frances (D:12)
  2 centaur warriors
  A sixfirhy (D:13)
  Pikel (D:8)
  An orc knight (Bailey)
  A deep elf pyromancer (D:13)
  A large abomination (D:13)
  An ugly thing (D:11)
  A cyclops (D:13)
  A black mamba (Lair:1)
  A gargoyle (D:11)
  A cane toad (Lair:1)
  Maggie (D:8)
  A blink frog (Lair:1)
  2 hornets
  3 slime creatures (D:13)
  2 wraiths (D:12)
  12 yaks
  A basilisk (Lair:1)
  2 chaos spawn (D:13)
  2 orc warriors
  2 ogres (D:12)
  4 wolves (Lair:1)
  A bullfrog (Lair:2)
  A gnoll sergeant (D:7)
  A wight (D:7)
  Dowan (D:5)
  4 killer bees (D:8)
  3 gnolls (D:7)
  An adder (D:4)
  2 shadow imps (D:13)
  A white imp (D:13)
  An ufetubus (D:13)
  5 orcs
  A ball python (D:4)
67 creatures vanquished.

Grand Total: 433 creatures vanquished

Notes
Turn   | Place    | Note
-------+----------+-------------------------------------------
     0 | D:1      | LobsterGuardian the Felid Summoner began the quest for the
                  | Orb.
     0 | D:1      | Reached XP level 1. HP: 7/7 MP: 4/4
   203 | D:1      | Reached XP level 2. HP: 9/11 MP: 3/6
   222 | D:1      | Learned a level 2 spell: Call Imp
  1065 | D:2      | Reached skill level 5 in Summonings
  1065 | D:2      | Reached XP level 3. HP: 11/14 MP: 4/7
  1083 | D:2      | Learned a level 3 spell: Call Canine Familiar
  1358 | D:2      | Noticed Jessica
  1367 | D:2      | Killed Jessica
  1368 | D:2      | Reached XP level 4. HP: 9/18 MP: 2/8
  1462 | D:2      | Noticed Natasha
  1475 | D:2      | Killed Natasha
  1476 | D:2      | Reached skill level 3 in Dodging
  1663 | D:2      | Upgraded the game from 0.31-a0-145-g046c7d2549 to
                  | 0.31-a0-152-g6aa68a64a1
  1676 | D:2      | Reached XP level 5. HP: 10/21 MP: 0/9
  1760 | D:2      | Noticed Natasha
  1768 | D:2      | Killed Natasha
  1857 | D:2      | Noticed Natasha
  1871 | D:2      | Killed Natasha
  2331 | D:3      | Noticed Terence
  2611 | D:3      | Gained mutation: You are covered in thick fur. (AC +2)
                  | [Felid growth]
  2611 | D:3      | Reached XP level 6. HP: 17/23 MP: 4/10
  3013 | D:4      | Identified the ring of Ganidghutt {*Slow rC- AC+4 Int+4
                  | Dex+4}
  3031 | D:4      | Learned a level 3 spell: Summon Guardian Golem
  3661 | D:4      | Reached skill level 4 in Dodging
  3669 | D:5      | Entered Level 5 of the Dungeon
  3679 | D:5      | Reached XP level 7. HP: 27/27 MP: 8/11
  3994 | D:5      | Noticed Dowan
  3995 | D:5      | Noticed Duvessa
  4020 | D:5      | Killed Dowan
  4030 | D:5      | Killed Duvessa
  4311 | D:5      | Found an ancient bone altar of Kikubaaqudgha.
  4325 | D:5      | Reached skill level 5 in Dodging
  4325 | D:5      | Reached XP level 8. HP: 28/31 MP: 9/13
  4632 | D:6      | Found a snail-covered altar of Cheibriados.
  4654 | D:6      | Reached skill level 1 in Fighting
  5051 | D:6      | Found a stormy altar of Qazlal.
  5066 | D:6      | Reached skill level 6 in Dodging
  5561 | D:6      | Reached skill level 5 in Stealth
  5603 | D:6      | Found Caplamerru's Book Emporium.
  6065 | D:7      | Reached skill level 7 in Dodging
  6191 | D:7      | Found a staircase to the Ecumenical Temple.
  6205 | D:7      | Reached XP level 9. HP: 20/36 MP: 14/16
  6212 | Temple   | Entered the Ecumenical Temple
  6212 | Temple   | Found a transporter.
  6212 | Temple   | Found a transporter.
  6268 | Temple   | Found a transporter.
  6268 | Temple   | Found a transporter.
  6337 | Temple   | Became a worshipper of Nemelex Xobeh the Trickster
  6380 | D:7      | Found Zamuffef's Assorted Antiques.
  6574 | D:7      | Found a runed translucent door.
  6575 | D:7      | Noticed Crazy Yiuf
  7054 | D:7      | Killed Crazy Yiuf
  7055 | D:7      | Reached skill level 10 in Summonings
  7307 | D:8      | Noticed Prince Ribbit
  7320 | D:8      | Killed Prince Ribbit
  7321 | D:8      | Reached skill level 5 in Spellcasting
  7717 | D:8      | Noticed Pikel
  7759 | D:8      | Killed Pikel
  7900 | D:8      | Noticed Psyche
  7934 | D:8      | Killed Psyche
  7935 | D:8      | Reached skill level 5 in Fighting
  8134 | D:8      | Paralysed by a hornet for 2 turns
  8305 | D:8      | Noticed Maggie
  8311 | D:8      | Reached * piety under Nemelex Xobeh
  8328 | D:8      | Killed Maggie
  8329 | D:8      | Reached XP level 10. HP: 46/46 MP: 11/18
  8376 | D:8      | Received a gift from Nemelex Xobeh
  8633 | D:8      | Reached skill level 1 in Unarmed Combat
  9078 | D:9      | Noticed Amaemon
  9078 | D:9      | Noticed an orange demon
  9173 | D:9      | Found a flagged portal.
  9199 | Bailey   | Entered a bailey
  9274 | Bailey   | Learned a level 4 spell: Summon Lightning Spire
  9623 | Bailey   | Noticed an orc knight
  9640 | Bailey   | Killed an orc knight
  9641 | Bailey   | Reached skill level 5 in Unarmed Combat
  9641 | Bailey   | Noticed an orc knight
  9889 | Bailey   | Killed an orc knight
 10031 | D:9      | Noticed a white ugly thing
 10039 | D:9      | Killed Amaemon
 10043 | D:9      | Killed an orange demon
 10049 | D:9      | Killed a white ugly thing
 10238 | D:9      | Reached ** piety under Nemelex Xobeh
 10271 | D:9      | Paralysed by a hornet for 3 turns
 10289 | D:9      | Reached XP level 11. HP: 5/50 MP: 12/19
 10294 | D:9      | Noticed a two-headed ogre
 10300 | D:9      | Killed a two-headed ogre
 10574 | D:9      | Received a gift from Nemelex Xobeh
 10759 | D:9      | Found a glowing silver altar of Zin.
 10896 | D:9      | Found a hide-covered altar of Uskayaw.
 11114 | D:10     | Entered Level 10 of the Dungeon
 11193 | D:10     | Upgraded the game from 0.31-a0-152-g6aa68a64a1 to
                  | 0.31-a0-161-gb58dd9be76
 11303 | D:10     | Found an ornate altar of the Wu Jian Council.
 11347 | D:10     | You fall into a shaft and drop 3 floors!
 11351 | D:13     | Noticed a centaur warrior
 11353 | D:13     | Noticed a catoblepas
 11364 | D:13     | Noticed a deep elf pyromancer
 11391 | D:13     | Noticed an obsidian statue
 11392 | D:13     | Noticed a sixfirhy
 11596 | D:12     | Noticed a white ugly thing
 11612 | D:12     | Noticed Frances
 11612 | D:12     | Noticed a centaur warrior
 11797 | D:11     | Noticed a two-headed ogre
 11969 | D:11     | Killed a two-headed ogre
 11970 | D:11     | Reached skill level 10 in Unarmed Combat
 12092 | D:11     | Reached *** piety under Nemelex Xobeh
 12111 | D:11     | Learned a level 3 spell: Teleport Other
 12159 | D:10     | Reached skill level 1 in Translocations
 12164 | D:10     | Learned a level 4 spell: Sticky Flame
 12271 | D:10     | Found a glowing golden altar of the Shining One.
 12303 | D:10     | Received a gift from Nemelex Xobeh
 12737 | D:10     | Found a sacrificial altar of Ru.
 12799 | D:10     | Found a burning altar of Makhleb.
 13493 | D:11     | Found a staircase to the Lair.
 13505 | D:11     | Reached skill level 1 in Conjurations
 13505 | D:11     | Reached skill level 5 in Translocations
 13665 | D:11     | Reached skill level 1 in Fire Magic
 13771 | D:11     | Found a hide-covered altar of Uskayaw.
 14207 | D:11     | Killed a white ugly thing
 14342 | D:12     | Noticed Lodul
 14352 | D:12     | Killed Lodul
 14495 | D:12     | Found a staircase to the Orcish Mines.
 14563 | D:12     | Gained mutation: Your thick and shaggy fur keeps you warm.
                  | (AC +3, rC+) [Felid growth]
 14563 | D:12     | Reached XP level 12. HP: 50/55 MP: 11/22
 14659 | D:12     | Noticed a two-headed ogre
 14674 | D:12     | Killed a two-headed ogre
 14675 | D:12     | Reached skill level 5 in Conjurations
 14796 | D:12     | Noticed a boulder beetle
 15142 | D:12     | Reached **** piety under Nemelex Xobeh
 15346 | D:12     | Killed Frances
 15347 | D:12     | Reached skill level 5 in Fire Magic
 15477 | D:12     | Killed a boulder beetle
 15478 | D:12     | Reached skill level 8 in Dodging
 15653 | D:12     | Slain by a centaur warrior
 15654 | D:12     | Reached XP level 11. HP: -1/51 MP: 10/21
 15718 | D:12     | Killed a centaur warrior
 15719 | D:12     | Reached skill level 9 in Dodging
 15933 | D:13     | Killed by an exploding themself... ignited by their inner
                  | flame
 15934 | D:13     | Reached XP level 10. HP: -3/48 MP: 16/20
 15953 | D:13     | Noticed a centaur warrior
 15965 | D:13     | Killed a centaur warrior
 15966 | D:13     | Reached skill level 10 in Dodging
 16086 | D:13     | Noticed a centaur warrior
 16091 | D:13     | Noticed an orange demon
 16231 | D:13     | Killed a centaur warrior
 16232 | D:13     | Reached XP level 11. HP: 10/51 MP: 16/21
 16330 | D:13     | Killed a large abomination
 16422 | D:13     | Received a gift from Nemelex Xobeh
 16753 | D:13     | Killed a sixfirhy
 16846 | D:13     | Noticed a boulder beetle
 17109 | D:13     | Reached skill level 11 in Dodging
 17128 | D:13     | Killed a boulder beetle
 17132 | D:13     | Killed a centaur warrior
 17261 | D:13     | Noticed a vault guard
 17279 | D:13     | Noticed an orc sorcerer
 17406 | D:13     | Killed a deep elf pyromancer
 17573 | D:13     | Upgraded the game from 0.31-a0-161-gb58dd9be76 to
                  | 0.31-a0-175-g9f7f995f2b
 17626 | D:13     | Noticed a vault guard
 17627 | D:13     | Gained mutation: You passively map a small area around you.
                  | [potion of mutation]
 17627 | D:13     | Gained mutation: You passively map the area around you.
                  | [potion of mutation]
 17627 | D:13     | Gained mutation: You are vulnerable to heat. (rF-) [potion
                  | of mutation]
 17631 | D:13     | HP: 1/52 [themself (37)]
 17634 | D:13     | Killed an orc sorcerer
 17634 | D:13     | Noticed a vault guard
 17637 | D:13     | Killed a vault guard
 17854 | Lair:1   | Entered Level 1 of the Lair of Beasts
 18010 | Lair:1   | Reached skill level 12 in Dodging
 18330 | Lair:1   | Reached XP level 12. HP: 56/56 MP: 2/22
 18376 | Lair:1   | Lost mutation: You passively map the area around you.
                  | [potion of mutation]
 18376 | Lair:1   | Lost mutation: You passively map a small area around you.
                  | [potion of mutation]
 18376 | Lair:1   | Gained mutation: You are partially covered in iridescent
                  | scales. (AC +2) [potion of mutation]
 18376 | Lair:1   | Gained mutation: You are strong-willed. (Will+) [potion of
                  | mutation]
 18485 | Lair:1   | Found the amulet of Elemental Vulnerability {rPois rF--
                  | rC-- AC+8}
 18713 | Lair:1   | Reached skill level 1 in Invocations
 18798 | Lair:1   | Learned a level 3 spell: Gell's Gravitas
 19614 | Lair:2   | Slain by a cane toad

Illustrated notes

Levels and vault maps discovered:
D:1:      lightli_arrival_isolated_outpost, layout_basic,
          minmay_misc_feat_encased, nicolae_titane
D:2:      layout_rooms, uniq_jessica, uniq_natasha
D:3:      layout_loops_cross, st_stairs_8, uniq_terence
D:4:      layout_rooms, serial_bayou_pond_c
D:5:      layout_basic, kennysheep_vampire_church, minmay_misc_feat_tower,
          uniq_duvessa
D:6:      layout_basic, lemuel_crystal_altar, mainiacjoe_overflow_catwalk,
          serial_shops, nicolae_book_shop_shelving
D:7:      layout_rooms, minmay_temple_entry_offerings, serial_shops,
          nicolae_diamond_shop, uniq_crazy_yiuf_cottage
D:8:      layout_loops_corners, uniq_pikel, uniq_psyche, uniq_prince_ribbit1,
          uniq_maggie
D:9:      layout_small_grid, zin_treasury, old_standard_altar, enter_bailey_5,
          serial_bayou_pond_e, minmay_fractal_squares_gapless_5, uniq_amaemon
D:10:     layout_basic, pdpol_wu_jian_five_deadly_venoms,
          mainiacjoe_overflow_24_doors, nicolae_ru_great_annihilating_truth,
          mainiacjoe_overflow_surrounded_room
D:11:     layout_basic, lair_entry_dummy, nicolae_uskayaw_dance_studio
D:12:     layout_gridville, david_orc_5, kennysheep_generic_room_3, uniq_lodul,
          uniq_frances
D:13:     layout_loops_ring, grunt_vaults_entry_fortified, enter_trove_6,
          chequers_jeans, hangedman_devilish_allure
Temple:   hellmonk_temple_divided_pantheon
Lair:1:   layout_misc_corridors, grunt_megastairs_5
Lair:2:   layout_cave_shapes, serial_bayou_shore_b, lemuel_fruit_fields,
          lemuel_fruit_fields

Skill      XL: |  1  2  3  4  5  6  7  8  9 10 11 12 |
---------------+-------------------------------------+-----
Summonings     | 5 6 7 8 9 10 | 10.4
Dodging        | 3 4 5 7 10 12 8 | 12.3
Stealth        | 3 4 5 8 |  8.8
Spellcasting   | 3 4 5 6 7 |  7.1
Fighting       | 1 6 7 8 |  8.6
Unarmed Combat | 8 11 | 11.5
Translocations | 5 |  5.0
Conjurations   | 4 5 |  5.0
Fire Magic     | 3 5 |  5.0
Invocations    | 1 |  1.2

Action                     |  1- 3 |  4- 6 |  7- 9 | 10-12 || total
---------------------------+-------+-------+-------+-------++-------
  Melee: Unarmed           |    64 |   197 |   343 |   357 ||   961
         Bite              |     7 |    24 |    46 |    64 ||   141
         Punch             |       |     2 |     6 |    23 ||    31
   Cast: Summon Small Mamm |    19 |     7 |    11 |    12 ||    49
         Call Imp          |     5 |    13 |    18 |    35 ||    71
         Call Canine Famil |     4 |    13 |    22 |    49 ||    88
         Summon Guardian G |       |     3 |    30 |    79 ||   112
         Summon Lightning  |       |       |       |    56 ||    56
         Sticky Flame      |       |       |       |    32 ||    32
         Teleport Other    |       |       |       |    17 ||    17
         Gell's Gravitas   |       |       |       |     5 ||     5
 Invoke: Draw Escape       |       |       |       |     3 ||     3
         Draw Destruction  |       |       |       |     8 ||     8
         Draw Summoning    |       |       |       |     5 ||     5
    Use: Scroll            |     4 |     5 |     2 |    20 ||    31
         Potion            |       |     2 |     4 |    15 ||    21
   Stab: Sleeping          |    13 |     6 |    10 |     7 ||    36
         Distracted        |       |       |     5 |     6 ||    11
         Paralysed         |       |       |       |     1 ||     1
 Armour: Skin              |     3 |    32 |    72 |    48 ||   155
  Dodge: Dodged            |    42 |   188 |   375 |   433 ||  1038
  Block: Other             |       |       |       |    65 ||    65
         Reflection        |       |       |       |     8 ||     8

Table legend: (Time is in decaauts)
 A = Elapsed time spent in this place.
 B = Non-inter-level travel time spent in this place.
 C = Inter-level travel time spent in this place.
 D = Time resting spent in this place.
 E = Time spent auto-exploring this place.
 F = Levels seen in this place.
 G = Mean time per level.
                   A        B        C        D        E       F      G
               +--------+--------+--------+--------+--------+-----+--------+
         Total |  17693 |  17088 |    605 |    278 |  13076 |  17 | 1040.8 |
       Dungeon |  15414 |  14831 |    583 |    278 |  11381 |  13 | 1185.7 |
        Temple |    126 |    126 |      0 |      0 |     59 |   1 |  126.0 |
          Lair |   1367 |   1346 |     21 |      0 |   1041 |   2 |  683.5 |
        Bailey |    785 |    785 |      0 |      0 |    594 |   1 |  785.0 |
               +--------+--------+--------+--------+--------+-----+--------+

Top non-repeatable levels by time:
    D:12: 1961 daAuts
    D:11: 1783 daAuts
     D:8: 1652 daAuts
    D:13: 1580 daAuts
     D:6: 1141 daAuts
     D:7: 1117 daAuts
     D:9: 1035 daAuts
    D:10: 1034 daAuts
     D:2: 1016 daAuts
  Lair:1: 938 daAuts
     D:1: 893 daAuts
     D:5: 846 daAuts
  Bailey: 785 daAuts
     D:3: 766 daAuts
     D:4: 585 daAuts
